Map: Atrapasueños EJ

Players

Gallback - Winner!

  • Race: Zerg Zerg
  • League: Gold
  • Spawn Location: 11:00

VOD

Have the link to the VOD?

Description

Time

  • Played on: Aug. 3, 2018, 11:23 a.m.
  • Length: 11:01
Show
View Real Time Build Order
Export as new Build Order

Gallback Zerg - Winner!

Build Orders:  

Get SALT Encoding   

  12  0:03  Drone  
  13  0:18  Overlord  
  13  0:25  Drone  
  14  0:44  Drone  
  15  0:52  Drone  
  16  1:07  Drone  
  17  1:18  Hatchery  
  16  1:23  Drone  
  16  1:29  Drone  
  18  1:48  Spawning Pool  
  17  1:56  Extractor  
  17  1:57  Drone  
  17  2:10  Drone  
  17  2:19  Overlord  
  18  2:33  Drone  
  19  2:51  Overlord  
  19  2:53  Queen  
  21  3:06  Queen  
  21  3:09  Drone x2  
  25  3:15  Drone x2  
  27  3:27  Drone  
  28  3:37  Drone x2  
  30  3:53  Drone x2  
  32  4:11  Zergling x4  
  32  4:12  Metabolic Boost  
  34  4:21  Zergling x4  
  36  4:33  Overlord  
  36  4:34  Lair  
  36  4:43  Drone x2  
  38  4:53  Roach Warren  
  38  4:55  Drone x2  
  39  5:00  Extractor  
  39  5:04  Extractor  
  39  5:07  Drone x4  
  39  5:09  Zergling x2  
  42  5:18  Spore Crawler  
  41  5:25  Spore Crawler  
  40  5:33  Drone x2  
  40  5:34  Zergling x2  
  43  5:44  Zergling x2, Drone x2  
  43  5:45  Zergling x2  
  47  5:53  Glial Reconstitution  
  47  5:54  Roach  
  47  5:55  Roach  
  47  5:57  Overlord  
  51  6:24  Overlord  
  51  6:27  Overlord  
  51  6:40  Roach  
  51  6:41  Roach x3  
  59  6:54  Roach x6  
  59  6:59  Overlord  
  71  7:24  Roach x3  
  77  7:32  Roach x3  
  77  7:36  Overlord  
  83  7:59  Overlord x3  
  84  8:01  Roach  
  84  8:02  Roach  
  91  8:20  Overlord  
  91  8:21  Overlord  
  91  8:22  Overlord  
  73  8:53  Roach  
  73  8:54  Roach x5  
  77  9:12  Zergling x2  
  77  9:13  Zergling x10  
  79  10:21  Roach  
  79  10:22  Roach x9  
  79  10:23  Roach x2  
Tags
 
Add a new tag
Caveats
  • Supply blocks, unpowered buildings, or Contaminate may cause inaccurate times.
  • Supply counts are checked every 10 seconds.